General information
- name: BNet
- type: Ladder team game (AT/RT)
- host: Battle.net
- saver: ROTS19
map: FullScaleAssault
- players: 8
- length: 80:59
- speed: Fast
- version: 1.24 W3XP
- replay type: Public
» download(417 KB)
Players
team 1 (winner)
Clavero (
green | 57 APM | 4647 actions | 80:58)
10 Firelord
3 Summon Lava Spawn
3 Soul Burn
1 Volcano
3 Incinerate
10 Goblin Alchemist
3 Healing Spray
3 Acid Bomb
1 Transmute
3 Chemical Rage
» actions
| Assign group hotkey | 49 | |
| Basic commands | 177 | |
| Build / train | 130 | |
| Enter build submenu | 47 | |
| Enter hero's abilities submenu | 20 | |
| Give item / drop item | 1 | |
| Remove unit from queue | 1 | |
| Right click | 1371 | |
| Select / deselect | 628 | |
| Select group hotkey | 2019 | |
| Use ability | 203 | |
4647 total
» units
| Wisp | 25 | |
| Archer | 7 | |
| Glaive Thrower | 1 | |
| Druid of the Talon | 14 | |
| Faerie Dragon | 2 | |
| Blue Drake | 1 | |
| Hippogryph | 11 | |
| Gryphon Rider | 2 | |
| Blue Dragon | 1 | |
| Blue Dragon Whelp | 1 | |
| Chimaera | 19 | |
| Goblin Zeppelin | 2 | |
86 total
» upgrades
| Ultravision | 1 | |
| Strength of the Wild | 3 | |
| Reinforced Hides | 3 | |
| Druid of the Talon Training | 2 | |
| Well Spring | 1 | |
| Mark of the Talon | 1 | |
| Nature's Blessing | 1 | |
| Corrosive Breath | 1 | |
13 total
» buildings
| Ancient of War | 1 | |
| Moon Well | 16 | |
| Altar of Elders | 2 | |
| Tree of Ages | 2 | |
| Ancient of Wonders | 1 | |
| Hunter's Hall | 1 | |
| Tree of Life | 7 | |
| Ancient of Wind | 5 | |
| Tree of Eternity | 2 | |
| Ancient Protector | 1 | |
| Chimaera Roost | 4 | |
| Farm | 1 | |
43 total
» build order
00:07 Ancient of War
00:39 Moon Well
01:08 Altar of Elders
01:59 Moon Well
03:00 Moon Well
04:04 Tree of Ages
04:21 Ancient of Wonders
04:26 Hunter's Hall
05:38 Tree of Life
07:12 Ancient of Wind
07:32 Ancient of Wind
08:02 Moon Well
09:00 Moon Well
10:46 Moon Well
10:48 Tree of Eternity
12:15 Ancient of Wind
18:27 Moon Well
19:27 Moon Well
20:22 Ancient of Wind
28:24 Tree of Life
32:26 Tree of Life
38:37 Moon Well
38:55 Moon Well
39:34 Moon Well
39:51 Tree of Life
41:09 Tree of Ages
41:29 Tree of Life
41:44 Altar of Elders
42:15 Moon Well
43:35 Tree of Eternity
44:00 Ancient Protector
44:24 Ancient of Wind
45:52 Moon Well
46:49 Moon Well
47:41 Chimaera Roost
48:03 Chimaera Roost
48:17 Chimaera Roost
49:04 Chimaera Roost
49:32 Tree of Life
49:57 Moon Well
50:46 Farm
50:54 Moon Well
59:31 Tree of Life
» items
| Boots of Speed | 2 | |
| Scroll of Town Portal | 2 | |
4 total

»
DarhtRaul (
orange | 34 APM | 595 actions | 17:19)
4 Archmage
1 Summon Water Elemental
1 Blizzard
2 Brilliance Aura
» actions
| Assign group hotkey | 29 | |
| Basic commands | 5 | |
| Build / train | 90 | |
| Enter build submenu | 23 | |
| Enter hero's abilities submenu | 4 | |
| Give item / drop item | 1 | |
| Remove unit from queue | 1 | |
| Right click | 147 | |
| Select / deselect | 198 | |
| Select group hotkey | 57 | |
| Use ability | 40 | |
595 total
» units
| Peasant | 23 | |
| Footman | 17 | |
| Rifleman | 16 | |
| Goblin Zeppelin | 1 | |
| Priest | 8 | |
| Gryphon Rider | 8 | |
73 total
» upgrades
| Masonry | 2 | |
| Gunpowder | 1 | |
| Armor | 1 | |
| Lumber Harvesting | 1 | |
| Priest Training | 2 | |
| Long Rifles | 1 | |
| Storm Hammers | 1 | |
9 total
» buildings
| Farm | 11 | |
| Altar of Kings | 1 | |
| Barracks | 1 | |
| Lumber Mill | 1 | |
| Town Hall | 2 | |
| Keep | 1 | |
| Blacksmith | 1 | |
| Arcane Sanctum | 1 | |
| Workshop | 1 | |
| Gryphon Aviary | 2 | |
| Castle | 1 | |
23 total
» build order
00:14 Farm
00:53 Altar of Kings
01:05 Barracks
01:32 Farm
02:12 Farm
02:55 Farm
03:12 Lumber Mill
03:29 Farm
04:30 Town Hall
05:12 Keep
05:27 Blacksmith
07:18 Farm
07:37 Arcane Sanctum
07:41 Workshop
08:04 Farm
09:23 Gryphon Aviary
09:29 Gryphon Aviary
11:06 Town Hall
11:54 Castle
12:24 Farm
14:11 Farm
15:02 Farm
17:05 Farm

»
ROTS19 (
teal | 68 APM | 5475 actions | 80:59)
10 Archmage
3 Blizzard
3 Brilliance Aura
1 Mass Teleport
3 Summon Water Elemental
» actions
| Assign group hotkey | 226 | |
| Basic commands | 131 | |
| Build / train | 182 | |
| Enter build submenu | 157 | |
| Enter hero's abilities submenu | 10 | |
| Give item / drop item | 3 | |
| Remove unit from queue | 3 | |
| Right click | 2373 | |
| Select / deselect | 1273 | |
| Select group hotkey | 873 | |
| Use ability | 240 | |
5475 total
» units
| Peasant | 30 | |
| Footman | 2 | |
| Goblin Shredder | 1 | |
| Goblin Zeppelin | 3 | |
| Gryphon Rider | 17 | |
| Flying Machine | 18 | |
71 total
» upgrades
| Masonry | 4 | |
| Lumber Harvesting | 2 | |
| Animal War Training | 2 | |
| Swords | 5 | |
| Armor | 4 | |
| Storm Hammers | 1 | |
| Barrage | 0 | |
| Flak Cannons | 1 | |
| Gunpowder | 3 | |
| Plating | 1 | |
| Flying Machine Bombs | 1 | |
24 total
» buildings
| Altar of Kings | 1 | |
| Barracks | 2 | |
| Farm | 12 | |
| Lumber Mill | 3 | |
| Keep | 2 | |
| Town Hall | 6 | |
| Arcane Vault | 4 | |
| Scout Tower | 112 | |
| Guard Tower | 60 | |
| Castle | 2 | |
| Arcane Tower | 2 | |
| Gryphon Aviary | 2 | |
| Blacksmith | 1 | |
| Workshop | 3 | |
212 total
» build order
00:10 Altar of Kings
00:16 Barracks
00:23 Farm
01:08 Farm
01:25 Lumber Mill
06:03 Keep
06:08 Town Hall
06:52 Arcane Vault
07:32 Scout Tower
07:36 Scout Tower
07:38 Scout Tower
08:04 Guard Tower
08:07 Guard Tower
08:09 Scout Tower
08:12 Scout Tower
08:15 Scout Tower
08:46 Scout Tower
08:50 Scout Tower
08:52 Scout Tower
08:56 Guard Tower
08:58 Scout Tower
09:00 Scout Tower
09:03 Scout Tower
09:13 Guard Tower
09:15 Scout Tower
09:19 Scout Tower
09:26 Guard Tower
09:29 Scout Tower
09:50 Guard Tower
09:54 Scout Tower
10:18 Guard Tower
10:21 Scout Tower
10:23 Scout Tower
10:28 Scout Tower
10:37 Scout Tower
10:39 Guard Tower
10:42 Scout Tower
10:45 Scout Tower
10:50 Guard Tower
10:56 Scout Tower
10:57 Scout Tower
10:58 Scout Tower
11:00 Scout Tower
11:06 Guard Tower
11:11 Scout Tower
11:13 Scout Tower
11:15 Guard Tower
11:16 Scout Tower
11:22 Scout Tower
11:24 Scout Tower
11:26 Scout Tower
11:56 Guard Tower
11:58 Guard Tower
12:13 Guard Tower
12:26 Guard Tower
12:29 Scout Tower
12:32 Scout Tower
12:34 Scout Tower
12:36 Scout Tower
12:37 Scout Tower
12:39 Scout Tower
12:49 Castle
12:59 Guard Tower
13:02 Guard Tower
13:04 Guard Tower
13:05 Scout Tower
13:07 Scout Tower
13:09 Scout Tower
13:11 Guard Tower
13:12 Scout Tower
13:14 Scout Tower
13:16 Scout Tower
14:00 Guard Tower
14:13 Scout Tower
14:15 Guard Tower
14:15 Guard Tower
14:29 Scout Tower
14:33 Scout Tower
14:35 Scout Tower
14:52 Scout Tower
14:53 Guard Tower
14:56 Scout Tower
15:04 Scout Tower
15:37 Guard Tower
15:46 Guard Tower
15:49 Scout Tower
15:52 Scout Tower
15:55 Scout Tower
17:01 Guard Tower
20:34 Scout Tower
20:36 Scout Tower
20:37 Scout Tower
20:39 Scout Tower
20:41 Scout Tower
20:43 Scout Tower
20:45 Scout Tower
21:12 Guard Tower
21:31 Scout Tower
21:36 Guard Tower
21:38 Scout Tower
21:42 Scout Tower
22:05 Guard Tower
22:08 Guard Tower
22:38 Guard Tower
22:52 Guard Tower
23:04 Scout Tower
23:05 Scout Tower
23:07 Scout Tower
23:46 Guard Tower
24:12 Guard Tower
27:16 Scout Tower
27:18 Scout Tower
27:50 Guard Tower
28:47 Scout Tower
28:49 Scout Tower
28:50 Scout Tower
29:36 Lumber Mill
29:39 Arcane Tower
29:41 Arcane Tower
30:08 Lumber Mill
30:26 Arcane Vault
30:28 Scout Tower
33:07 Town Hall
35:34 Keep
35:40 Scout Tower
35:41 Scout Tower
35:43 Scout Tower
35:44 Scout Tower
37:22 Guard Tower
37:32 Guard Tower
38:35 Scout Tower
38:44 Scout Tower
38:46 Scout Tower
39:30 Guard Tower
39:42 Scout Tower
39:43 Scout Tower
39:45 Scout Tower
39:48 Scout Tower
41:16 Farm
41:18 Farm
41:28 Guard Tower
41:36 Guard Tower
41:36 Guard Tower
41:38 Scout Tower
41:43 Scout Tower
41:48 Scout Tower
41:55 Scout Tower
42:37 Guard Tower
42:59 Guard Tower
43:01 Scout Tower
43:03 Scout Tower
43:08 Scout Tower
43:45 Scout Tower
43:54 Scout Tower
44:20 Guard Tower
44:26 Scout Tower
44:29 Scout Tower
44:31 Scout Tower
44:35 Scout Tower
45:06 Guard Tower
45:17 Guard Tower
45:25 Guard Tower
45:26 Guard Tower
45:32 Guard Tower
45:37 Town Hall
45:47 Castle
47:13 Scout Tower
48:50 Gryphon Aviary
48:52 Gryphon Aviary
50:04 Guard Tower
50:21 Blacksmith
51:55 Farm
51:56 Farm
51:57 Farm
51:58 Farm
53:10 Arcane Vault
54:45 Scout Tower
54:46 Scout Tower
54:48 Scout Tower
54:54 Scout Tower
55:14 Barracks
55:16 Guard Tower
55:17 Guard Tower
55:42 Guard Tower
55:42 Guard Tower
55:57 Workshop
55:58 Scout Tower
56:34 Guard Tower
56:35 Scout Tower
56:52 Workshop
56:59 Workshop
57:07 Guard Tower
57:11 Scout Tower
57:14 Scout Tower
58:26 Guard Tower
58:35 Scout Tower
58:39 Scout Tower
58:42 Scout Tower
58:43 Scout Tower
58:45 Scout Tower
59:42 Guard Tower
59:42 Guard Tower
59:49 Scout Tower
60:54 Guard Tower
61:36 Farm
61:37 Farm
61:38 Farm
61:39 Farm
65:39 Town Hall
66:12 Town Hall
72:12 Town Hall
74:02 Arcane Vault
» items
| Potion of Lesser Invulnerability | 2 | |
| Scroll of Town Portal | 1 | |
| Scroll of Regeneration | 3 | |
6 total
J-dAwG (
pink | 23 APM | 980 actions | 42:36)
3 Tauren Chieftain
2 Endurance Aura
1 Shockwave
» actions
| Assign group hotkey | 1 | |
| Basic commands | 18 | |
| Build / train | 121 | |
| Enter build submenu | 29 | |
| Enter hero's abilities submenu | 3 | |
| Remove unit from queue | 1 | |
| Right click | 358 | |
| Select / deselect | 421 | |
| Use ability | 28 | |
980 total
» units
» upgrades
» buildings
| Great Hall | 1 | |
| Orc Burrow | 9 | |
| War Mill | 1 | |
| Altar of Storms | 1 | |
| Watch Tower | 14 | |
26 total
» build order
00:59 Great Hall
01:14 Orc Burrow
02:17 Orc Burrow
03:46 Orc Burrow
04:29 War Mill
05:01 Orc Burrow
05:36 Altar of Storms
06:07 Orc Burrow
07:07 Watch Tower
07:10 Watch Tower
07:57 Orc Burrow
08:19 Watch Tower
08:22 Watch Tower
09:08 Watch Tower
09:12 Orc Burrow
09:15 Watch Tower
09:27 Watch Tower
10:08 Watch Tower
10:19 Watch Tower
10:23 Watch Tower
11:37 Orc Burrow
12:38 Orc Burrow
12:42 Watch Tower
13:54 Watch Tower
13:59 Watch Tower
14:03 Watch Tower
team 2 (loser)

»
Bombuxo (
blue | 74 APM | 4694 actions | 63:41)
10 Dreadlord
3 Sleep
3 Carrion Swarm
3 Vampiric Aura
1 Inferno
1 Blood Mage
1 Siphon Mana
» actions
| Assign group hotkey | 146 | |
| Basic commands | 113 | |
| Build / train | 125 | |
| ESC pressed | 9 | |
| Enter build submenu | 35 | |
| Enter hero's abilities submenu | 15 | |
| Give item / drop item | 8 | |
| Right click | 1852 | |
| Select / deselect | 727 | |
| Select group hotkey | 1485 | |
| Use ability | 179 | |
4694 total
» units
| Acolyte | 13 | |
| Ghoul | 8 | |
| Goblin Shredder | 1 | |
| Goblin Zeppelin | 4 | |
| Gargoyle | 31 | |
| Frost Wyrm | 8 | |
| Goblin Sapper | 5 | |
70 total
» upgrades
| Creature Attack | 3 | |
| Creature Carapace | 3 | |
| Stone Form | 1 | |
| Freezing Breath | 1 | |
8 total
» buildings
| Crypt | 4 | |
| Ziggurat | 11 | |
| Altar of Darkness | 1 | |
| Tomb of Relics | 1 | |
| Graveyard | 2 | |
| Halls of the Dead | 1 | |
| Black Citadel | 2 | |
| Spirit Tower | 1 | |
| Nerubian Tower | 1 | |
| Sacrificial Pit | 1 | |
| Boneyard | 4 | |
29 total
» build order
00:09 Crypt
00:12 Ziggurat
00:42 Altar of Darkness
00:55 Ziggurat
02:35 Tomb of Relics
04:34 Ziggurat
04:57 Graveyard
05:06 Halls of the Dead
06:03 Crypt
06:04 Crypt
07:05 Ziggurat
09:26 Black Citadel
09:26 Black Citadel
11:04 Ziggurat
11:06 Ziggurat
11:22 Ziggurat
11:23 Ziggurat
12:17 Crypt
12:22 Spirit Tower
12:24 Ziggurat
13:59 Nerubian Tower
14:11 Sacrificial Pit
15:41 Boneyard
15:43 Boneyard
15:44 Boneyard
15:45 Boneyard
20:28 Graveyard
55:22 Ziggurat
» items
| Boots of Speed | 1 | |
| Staff of Teleportation | 1 | |
| Tome of Retraining | 2 | |
| Potion of Healing | 7 | |
| Orb of Corruption | 1 | |
| Scroll of Healing | 3 | |
| Scroll of Town Portal | 2 | |
| Potion of Mana | 1 | |
18 total
muffintastic (
yellow | 33 APM | 1905 actions | 57:33)
6 Blood Mage
3 Flame Strike
2 Siphon Mana
1 Summon Phoenix
» actions
| Build / train | 119 | |
| Enter build submenu | 36 | |
| Enter hero's abilities submenu | 6 | |
| Remove unit from queue | 24 | |
| Right click | 1005 | |
| Select / deselect | 651 | |
| Use ability | 64 | |
1905 total
» units
| Peasant | 17 | |
| Rifleman | 32 | |
| Goblin Zeppelin | 2 | |
| Priest | 3 | |
| Mortar Team | 23 | |
77 total
» upgrades
| Gunpowder | 3 | |
| Armor | 3 | |
| Long Rifles | 1 | |
| Lumber Harvesting | 1 | |
| Magic Sentry | 1 | |
| Priest Training | 1 | |
| Fragmentation Shards | 0 | |
10 total
» buildings
| Barracks | 2 | |
| Altar of Kings | 1 | |
| Farm | 14 | |
| Lumber Mill | 1 | |
| Blacksmith | 1 | |
| Keep | 1 | |
| Scout Tower | 5 | |
| Arcane Tower | 4 | |
| Arcane Sanctum | 1 | |
| Workshop | 2 | |
| Town Hall | 2 | |
| Castle | 1 | |
35 total
» build order
00:18 Barracks
00:25 Altar of Kings
00:32 Farm
01:16 Farm
01:30 Lumber Mill
02:54 Blacksmith
03:08 Farm
03:46 Farm
04:25 Barracks
04:46 Farm
05:33 Farm
06:44 Farm
08:04 Farm
08:38 Keep
08:58 Scout Tower
09:41 Scout Tower
10:20 Scout Tower
11:08 Scout Tower
11:50 Scout Tower
13:04 Farm
13:10 Arcane Tower
13:11 Arcane Tower
13:15 Arcane Tower
13:17 Arcane Tower
15:01 Arcane Sanctum
16:47 Workshop
16:58 Farm
18:12 Town Hall
18:20 Town Hall
20:59 Farm
21:01 Farm
21:05 Farm
21:51 Farm
26:01 Workshop
29:44 Castle

»
MaximusGlorius (
red | 16 APM | 1126 actions | 72:17)
3 Warden
2 Fan of Knives
1 Shadow Strike
» actions
| Basic commands | 3 | |
| Build / train | 135 | |
| Enter build submenu | 22 | |
| Enter hero's abilities submenu | 3 | |
| Give item / drop item | 2 | |
| Remove unit from queue | 3 | |
| Right click | 364 | |
| Select / deselect | 562 | |
| Use ability | 32 | |
1126 total
» units
| Wisp | 19 | |
| Archer | 8 | |
| Hippogryph | 35 | |
| Goblin Shredder | 1 | |
| Chimaera | 31 | |
| Blue Dragon Whelp | 1 | |
| Blue Drake | 1 | |
| Blue Dragon | 1 | |
| Crypt Fiend | 6 | |
| Gargoyle | 4 | |
107 total
» upgrades
| Improved Bows | 1 | |
| Strength of the Wild | 3 | |
| Reinforced Hides | 3 | |
| Ultravision | 1 | |
| Corrosive Breath | 1 | |
| Well Spring | 1 | |
| Strength of the Moon | 1 | |
| Moon Armor | 1 | |
| Web | 1 | |
13 total
» buildings
| Moon Well | 8 | |
| Altar of Elders | 1 | |
| Ancient of War | 1 | |
| Tree of Ages | 2 | |
| Tree of Eternity | 1 | |
| Ancient of Wind | 2 | |
| Tree of Life | 1 | |
| Hunter's Hall | 3 | |
| Chimaera Roost | 3 | |
| Ancient of Wonders | 1 | |
23 total
» build order
01:41 Moon Well
01:44 Altar of Elders
01:49 Ancient of War
01:58 Moon Well
04:07 Tree of Ages
04:08 Tree of Ages
05:46 Moon Well
06:31 Tree of Eternity
06:59 Moon Well
07:53 Ancient of Wind
09:36 Tree of Life
10:24 Hunter's Hall
10:37 Chimaera Roost
11:35 Moon Well
11:42 Chimaera Roost
11:52 Hunter's Hall
11:59 Hunter's Hall
12:26 Moon Well
12:37 Chimaera Roost
12:58 Ancient of Wonders
20:13 Ancient of Wind
21:16 Moon Well
21:24 Moon Well
» items
Turkish_Knight (
purple | 19 APM | 1550 actions | 80:58)
10 Death Knight
3 Death Coil
3 Unholy Aura
1 Animate Dead
3 Death Pact
6 Dreadlord
3 Carrion Swarm
2 Vampiric Aura
1 Inferno
1 Warden
1 Shadow Strike
» actions
| Basic commands | 2 | |
| Build / train | 91 | |
| Enter build submenu | 28 | |
| Enter hero's abilities submenu | 19 | |
| Give item / drop item | 2 | |
| Remove unit from queue | 4 | |
| Right click | 764 | |
| Select / deselect | 576 | |
| Use ability | 64 | |
1550 total
» units
| Acolyte | 7 | |
| Ghoul | 8 | |
| Crypt Fiend | 7 | |
| Abomination | 9 | |
| Meatwagon | 9 | |
| Goblin Zeppelin | 1 | |
| Gargoyle | 1 | |
42 total
» upgrades
| Web | 1 | |
| Unholy Strength | 2 | |
| Disease Cloud | 1 | |
| Unholy Armor | 1 | |
5 total
» buildings
| Altar of Darkness | 1 | |
| Ziggurat | 12 | |
| Crypt | 1 | |
| Nerubian Tower | 2 | |
| Graveyard | 1 | |
| Halls of the Dead | 1 | |
| Tomb of Relics | 1 | |
| Spirit Tower | 9 | |
| Slaughterhouse | 2 | |
| Black Citadel | 1 | |
| Necropolis | 1 | |
32 total
» build order
00:12 Altar of Darkness
00:20 Ziggurat
00:55 Crypt
01:43 Ziggurat
01:44 Nerubian Tower
02:04 Graveyard
02:29 Ziggurat
02:51 Nerubian Tower
03:41 Halls of the Dead
04:42 Tomb of Relics
04:53 Ziggurat
05:26 Spirit Tower
06:24 Slaughterhouse
06:38 Slaughterhouse
08:29 Black Citadel
13:07 Ziggurat
13:54 Ziggurat
13:56 Spirit Tower
14:04 Spirit Tower
14:47 Ziggurat
14:53 Spirit Tower
15:42 Ziggurat
15:47 Ziggurat
15:48 Ziggurat
16:40 Necropolis
18:51 Spirit Tower
19:20 Ziggurat
19:43 Ziggurat
20:17 Spirit Tower
22:08 Spirit Tower
41:30 Spirit Tower
72:51 Spirit Tower
» items
| Boots of Speed | 1 | |
| Periapt of Vitality | 1 | |
| Orb of Corruption | 1 | |
| Scroll of Town Portal | 1 | |
4 total
Chat log
(00:09 / All) MaximusGlorius: illegal mexicans crack me up
(00:17 / All) Clavero: red ruined last game
(00:19 / All) Bombuxo: omg
(00:23 / All) Clavero: fyi
(00:25 / Allies) ROTS19: why what did he do?
(00:30 / All) MaximusGlorius: cant wait until these fucking wet backs get deported
(00:32 / Allies) Clavero: left immediately
(00:39 / All) Bombuxo: pero tu estas que una puta madre
(00:45 / All) J-dAwG: ahahah
(00:46 / All) J-dAwG: hahaha
(00:47 / Allies) Clavero: after saying "dont worry i work for blizzard"
(00:47 / All) J-dAwG: haha
(00:49 / All) MaximusGlorius: yea yea yea yaaaaaaaaaaaaaaaaawn
(00:53 / Allies) ROTS19: lol
(00:53 / All) MaximusGlorius: punta punta madre
(00:56 / All) MaximusGlorius: stfu
(01:04 / All) MaximusGlorius: get a life u fucking smelly asss big nosed
(01:06 / All) Bombuxo: Si haaha
(01:08 / All) Bombuxo: jajaja
(01:13 / All) MaximusGlorius: fuckin sombrero wearing short ass mother fuckers
(01:21 / All) J-dAwG: hahah
(01:25 / All) MaximusGlorius: i never met a mexican taller then 6 feet
(01:31 / All) MaximusGlorius: or doesnt do yard work
(01:34 / All) J-dAwG: i did... ur moma
(01:35 / All) Bombuxo: lol
(02:02 / All) Bombuxo: tu cabron utesde precisa de mucha pica !
(02:09 / All) MaximusGlorius: tu burrito
(02:14 / All) Bombuxo: mucha pica
(02:21 / All) MaximusGlorius: stupid fucking spics
(02:27 / All) MaximusGlorius: big lipped smelly asss
(02:29 / All) Bombuxo: mucha pica en tu anus
(02:30 / All) MaximusGlorius: fucking drunks
(02:35 / Allies) ROTS19: shit
(02:35 / All) Bombuxo: holy shit
(02:35 / All) MaximusGlorius: mucha hahahaha i speak spanish
(02:38 / All) J-dAwG: i will shine througe
(02:45 / All) MaximusGlorius: lol hahaha i yell at you and curse u in spanish
(02:48 / All) MaximusGlorius: yaaaaaaaaaaaaawn
(02:50 / All) MaximusGlorius: Stfu dip shit
(02:57 / All) MaximusGlorius: fuckin nigger
(03:00 / All) J-dAwG: stfu up rasist
(03:02 / All) Bombuxo: você está muito errado sua puta mal paga huahaua
(03:05 / All) J-dAwG: fuck u
(03:12 / All) MaximusGlorius: hauaahuahuuuua
(03:17 / All) MaximusGlorius: fuckin wet back spics
(03:20 / All) Bombuxo: lol
(03:26 / All) MaximusGlorius: national guard coming for you
(03:32 / All) MaximusGlorius: send u back home
(03:36 / All) Bombuxo: lol
(03:40 / All) J-dAwG: inbread hic what do u have to say about suporior rasit fagot
(03:47 / All) MaximusGlorius: to your country so u can wave the virgin mary flag on your cars
(03:47 / All) Bombuxo: rasist
(03:51 / All) J-dAwG: white trace
(03:54 / All) MaximusGlorius: and stop waving the mexican flag out of your cars
(03:57 / All) Bombuxo: white power !
(03:58 / All) MaximusGlorius: wave it in mexico
(04:02 / Allies) ROTS19: fuck oj
(04:04 / Allies) ROTS19: i wanted that
(04:06 / All) MaximusGlorius: dip shits
(04:09 / Allies) ROTS19: oh well
(04:15 / All) J-dAwG: wave it up reds asshole
(04:15 / All) Bombuxo: tu quieres uno taco ?
(04:18 / All) MaximusGlorius: who gives a fuck about mexico why wave your flag in the US
(04:22 / All) MaximusGlorius: go back to your country
(04:31 / All) Bombuxo: uno taquito en tu rabito haha
(04:36 / All) J-dAwG: i hate packys\
(04:39 / All) J-dAwG: thats all
(04:45 / All) J-dAwG: fucking cury mongers
(04:51 / All) Bombuxo: so stfu !
(04:55 / All) MaximusGlorius: why cuz pakis fuck your girl
(05:08 / All) J-dAwG: no they invade my town
(05:11 / All) MaximusGlorius: lmao
(05:31 / All) MaximusGlorius: what did they do stop selling deodorant
(05:53 / All) J-dAwG: them fucker stink up the street i lived on
(06:01 / All) MaximusGlorius: yea t hey do smell bad
(06:16 / Allies) ROTS19: i really screwed that up
(06:20 / All) MaximusGlorius: nothing worse then niggers and mexicans tho
(06:27 / All) MaximusGlorius: trash of the world
(06:30 / All) Bombuxo: niggers
(06:38 / All) J-dAwG: no packeys are worse
(06:40 / All) Bombuxo: u are nigger
(06:46 / All) J-dAwG: u dont got em in the states
(06:54 / All) J-dAwG: as many
(06:55 / All) MaximusGlorius: no not nigger guess wha ti am
(07:08 / All) MaximusGlorius: nope
(07:11 / All) Bombuxo: bambino
(07:13 / All) MaximusGlorius: everybody hates us
(07:16 / All) Bombuxo: haiti
(07:23 / All) MaximusGlorius: nope
(07:29 / All) MaximusGlorius: hitler loves us
(07:31 / All) Bombuxo: russ
(07:34 / All) Bombuxo: lol
(07:36 / All) J-dAwG: U NAZI
(07:46 / All) Bombuxo: hitler died
(07:48 / All) MaximusGlorius: nope
(07:55 / All) MaximusGlorius: jewish
(08:14 / All) J-dAwG: green i comin with yea
(08:39 / Allies) Clavero: idk u look like shit
(09:07 / Allies) ROTS19: MAKE AIR
(09:45 / Allies) ROTS19: ty
(09:49 / Allies) Clavero: pink get units?
(09:53 / All) J-dAwG: no
(10:01 / Allies) ROTS19: god damnit
(10:05 / All) Bombuxo: pink
(10:07 / Allies) ROTS19: why do you have so many guys on gold
(10:08 / Allies) ROTS19: with no units
(10:18 / All) Bombuxo: pink
(10:33 / All) Bombuxo: pink !!
(10:40 / All) MaximusGlorius: i love coons
(10:44 / All) J-dAwG: what
(10:47 / All) J-dAwG: 1
(10:48 / All) J-dAwG: !!!!!
(10:57 / Allies) Clavero: pink, strong chance ill team attack u
(10:59 / Allies) Clavero: if u dont get units
(11:01 / All) MaximusGlorius: u guys ever fuck a black girl
(11:03 / Allies) J-dAwG: no
(11:07 / Allies) J-dAwG: ddont pless
(11:12 / Allies) J-dAwG: i beg u
(11:13 / All) MaximusGlorius: i did once
(11:17 / Allies) ROTS19: MAKE AIR
(11:19 / Allies) ROTS19: GUSY
(11:20 / Allies) J-dAwG: i want to get 100 beons
(11:20 / All) MaximusGlorius: i never smelled such nasty pussy
(11:27 / All) MaximusGlorius: smelled like rotten cheese
(12:02 / Allies) ROTS19: pink
(12:04 / All) MaximusGlorius: i fucked every race
(12:06 / Allies) ROTS19: can you pass me like 1500 wood
(12:07 / Allies) J-dAwG: yes
(12:17 / Allies) ROTS19: please pink
(12:21 / Allies) ROTS19: you have 3k
(12:22 / Allies) ROTS19: ty
(13:19 / Allies) Clavero: pink
(13:21 / Allies) Clavero: i want units
(13:22 / Allies) J-dAwG: yea
(13:33 / Allies) J-dAwG: i want pussy
(13:37 / Allies) J-dAwG: but i dont always get
(13:43 / Allies) DarhtRaul: make fucking room betweeen those towers moron
(14:16 / All) MaximusGlorius: pls leave
(14:18 / Allies) J-dAwG: i held off 4 teams one with just peons
(14:21 / All) Bombuxo: lol
(14:24 / All) ROTS19: you should leave
(14:27 / Allies) J-dAwG: n towers
(14:28 / All) MaximusGlorius: im a fuck u guys up
(14:37 / All) J-dAwG: do it
(14:38 / Allies) ROTS19: hope you guys are making air
(14:41 / Allies) ROTS19: so that we can win
(14:42 / All) J-dAwG: fucke m up
(14:57 / Allies) ROTS19: looks like you are
(14:58 / Allies) ROTS19: so that's good
(15:02 / All) MaximusGlorius: u asked for it
(15:12 / Allies) ROTS19: i'ma need air support at towers
(15:12 / Allies) ROTS19: real soon
(15:20 / All) J-dAwG: um teal i cant get in
(15:35 / All) ROTS19: ok...?
(15:40 / All) MaximusGlorius: no just go up top and they dead
(16:00 / Allies) DarhtRaul: make fucking room
(16:06 / Allies) ROTS19: get zeppelins
(16:08 / All) MaximusGlorius: they lost
(16:11 / All) MaximusGlorius: teal is dumb
(16:13 / Allies) ROTS19: wtc
(16:14 / Allies) ROTS19: what the fuck
(16:16 / Allies) ROTS19: i said make air
(16:18 / Allies) ROTS19: so you could pass over
(16:28 / Allies) ROTS19: but killiing my toewers is gonna lose us the game
(16:28 / All) Bombuxo: teal
(16:34 / Allies) ROTS19: stop it
(16:36 / Allies) ROTS19: don't you want to win?
(16:54 / All) J-dAwG: i need a fucking x po
(16:55 / Allies) ROTS19: i said air
(16:56 / Allies) ROTS19: not rifles
(17:02 / Allies) Clavero: im getting air
(17:09 / Allies) ROTS19: stop backstabbing
(17:13 / Allies) ROTS19: and make zeppelins
(17:17 / Allies) ROTS19: if you want to travel over towers
(17:25 / All) ROTS19: what a fuckin retard
(17:34 / All) J-dAwG: ahhaha
(17:38 / All) J-dAwG: make him air then
(17:42 / Allies) ROTS19: yeah i will
(17:56 / All) MaximusGlorius: easy
(18:08 / All) ROTS19: would have won if my team listened to me
(18:12 / All) MaximusGlorius: stfu
(18:14 / All) MaximusGlorius: leave
(18:15 / All) ROTS19: instea dof pink
(18:20 / All) ROTS19: with 20 peons on gold
(18:23 / All) ROTS19: only towers in his abse
(18:24 / All) ROTS19: and no units
(18:39 / All) J-dAwG: HAHAHAHAA
(18:59 / All) ROTS19: and oj
(19:04 / All) ROTS19: Making rifles when i said make air
(19:10 / All) ROTS19: and killing my towers
(19:44 / All) MaximusGlorius: lets go rape top
(19:57 / All) J-dAwG: AHAHAHAH BLUE TP ON PEONS
(23:44 / All) MaximusGlorius: lets eat teaql
(23:51 / Allies) ROTS19: SUPPORT
(23:56 / All) J-dAwG: AHAHA
(24:07 / All) J-dAwG: REPAIR AT THE READY
(24:16 / All) Bombuxo: peons of combat
(24:28 / All) MaximusGlorius: eat green
(24:57 / All) J-dAwG: IF ANY ONE HASE SEEN THE MOVIE NEVER BACK DONW
(25:00 / All) J-dAwG: THAT IS ME!
(25:42 / All) J-dAwG: WHOS KILLING ME
(27:19 / All) J-dAwG: AHHHH
(27:22 / All) J-dAwG: FROSTYS
(27:35 / All) Clavero: look at pink tryna be funny/
(27:43 / All) ROTS19: he's got High upkeep 100 food peons
(27:44 / All) Clavero: what do u think guys
(27:46 / All) Clavero: how funny
(27:48 / All) J-dAwG: TIS FUNNY
(27:57 / All) Bombuxo: ROFL
(27:59 / All) J-dAwG: FOOD LIMIT
(29:02 / Allies) ROTS19: green
(29:05 / Allies) ROTS19: we coulda beat those frost wyrms
(29:19 / All) J-dAwG: SOME ONE WIT HMEELIE GET THERE ASS OVER HERE
(29:22 / Allies) ROTS19: when he next attacks with worms
(29:23 / Allies) ROTS19: you help
(29:24 / All) Bombuxo: lol
(29:25 / Allies) ROTS19: ok green?
(29:34 / Allies) Clavero: i know
(29:47 / Allies) ROTS19: FIGHT
(30:33 / All) J-dAwG: I WANTT OKILL
(30:46 / Allies) ROTS19: green
(31:17 / All) J-dAwG: WHO UM KILLD MY UNITS!
(31:26 / Allies) ROTS19: fight this green
(31:33 / Allies) ROTS19: you can take
(31:43 / Allies) Clavero: im running
(31:45 / Allies) Clavero: no gold for tp
(32:34 / All) ROTS19: OH COMEO NE
(32:40 / All) MaximusGlorius: green dies next
(32:50 / Allies) Clavero: omw oj
(32:52 / Allies) Clavero: lets hit
(32:58 / All) J-dAwG: THIS IS GAY TEAL LOCKED ME IN
(33:02 / All) J-dAwG: I WANT TO KILL U
(33:43 / All) MaximusGlorius: oj dies
(33:46 / All) MaximusGlorius: all tp
(34:03 / Allies) Clavero: teal stay
(34:13 / Allies) ROTS19: i need to make more grpyoh
(34:52 / All) J-dAwG: JK
(35:04 / Allies) Clavero: just do something pink
(35:05 / Allies) Clavero: why not
(35:11 / All) J-dAwG: NO MONEY
(35:14 / All) J-dAwG: NO XPO
(35:20 / Allies) ROTS19: stop pink
(35:22 / All) muffintastic: pink
(35:23 / All) muffintastic: lol
(35:24 / All) J-dAwG: TRYING
(35:28 / All) muffintastic: if u want n mercey
(35:32 / All) muffintastic: destroy the twoers
(35:37 / All) muffintastic: with the attack boutton
(35:40 / All) J-dAwG: I KNOW
(35:41 / All) muffintastic: and get over here
(35:42 / All) J-dAwG: I TYRY
(35:50 / All) J-dAwG: lol
(35:51 / All) J-dAwG: jk
(35:52 / Allies) ROTS19: GREEN
(35:54 / Allies) ROTS19: UNITS?
(35:58 / All) J-dAwG: NO TK U
(36:00 / All) J-dAwG: GUYS
(36:06 / Allies) ROTS19: FFS green
(36:08 / Allies) ROTS19: did you suicide your army?
(36:10 / Allies) ROTS19: to whAT?
(36:39 / All) J-dAwG: this is taking to long
(36:41 / All) J-dAwG: comon
(36:46 / All) J-dAwG: face me
(37:02 / All) muffintastic: er vant gett to u
(37:37 / All) J-dAwG: NOT MY BASE
(37:39 / All) J-dAwG: OHHH NO
(37:58 / All) J-dAwG: HEHHEHEHE
(38:05 / Allies) ROTS19: GREEN
(38:07 / All) J-dAwG: ULTAMITE SACRIFICE
(38:08 / Allies) ROTS19: WHERE ARE YOUR HIPS GF
(38:09 / All) J-dAwG: !!!!!!!!!!!
(38:09 / All) muffintastic: holy crapo
(38:36 / All) J-dAwG: RED U MADE A DENT
(38:49 / All) Bombuxo: red funny
(39:23 / Allies) ROTS19: stop pink
(41:16 / All) J-dAwG: attack
(41:20 / All) J-dAwG: AGG
(41:51 / All) J-dAwG: LISTEN
(42:23 / All) muffintastic: teal
(42:24 / All) J-dAwG: oh NO
(42:26 / All) muffintastic: hwo the hell
(42:39 / All) ROTS19: hwo the hell...
(42:40 / All) muffintastic: did u tp there
(42:49 / All) ROTS19: cuz i'm pro
(42:55 / All) ROTS19: and ur team fed me many levels
(44:12 / Allies) ROTS19: green start chippoing asap
(44:58 / All) ROTS19: fuck ur sneaky blue
(46:02 / All) ROTS19: lol
(46:43 / All) ROTS19: having fun yet?
(47:22 / All) muffintastic: we would if u left
(47:33 / All) ROTS19: you gotta beat me
(47:36 / All) ROTS19: for me to leave
(47:56 / All) ROTS19: Alright! level 9!
(48:06 / All) muffintastic: lol both my mines have 20 gold
(49:20 / All) ROTS19: that was dumb of me lol
(50:58 / All) ROTS19: how's it going?
(51:08 / Allies) ROTS19: good job
(51:11 / Allies) ROTS19: but we also need many hips
(51:42 / Allies) ROTS19: slowly getting my gryph army back
(52:37 / All) muffintastic: kill him
(53:15 / All) ROTS19: you and your sleep
(53:26 / All) Bombuxo: haha i have 7k gold
(53:28 / All) ROTS19: 10k
(53:38 / Allies) Clavero: share me some
(53:39 / Allies) Clavero: plz
(53:53 / Allies) ROTS19: green
(53:55 / Allies) ROTS19: make hippogryphs
(53:58 / Allies) ROTS19: he has many garg
(54:07 / Allies) Clavero: no im gona go around owning bases
(54:13 / Allies) ROTS19: please make hippos as well
(54:17 / Allies) ROTS19: hippo+chim is powerful combo
(54:20 / Allies) ROTS19: and iwll kill waht they have
(54:23 / Allies) ROTS19: like this
(54:57 / All) ROTS19: damn blue
(56:02 / All) Bombuxo: no
(57:41 / All) ROTS19: lol
(57:49 / Allies) Clavero: more g plz?
(60:48 / Allies) ROTS19: got some copters backing the chims
(61:21 / Allies) ROTS19: attack purp
(62:25 / Allies) Clavero: fuckkkkkkkkk
(62:29 / Allies) ROTS19: yeah
(62:30 / All) MaximusGlorius: ug uys still here
(62:32 / Allies) ROTS19: that's why you make hips
(62:39 / Allies) ROTS19: i got more copters pumpin
(63:44 / All) ROTS19: gg
(63:51 / All) ROTS19: RAPED
(63:53 / All) Clavero: war of attrition
(63:56 / All) ROTS19: LEVEL 10
(64:20 / Allies) Clavero: gold me
(64:39 / Allies) Clavero: ty
(65:22 / Allies) ROTS19: tp oout green
(66:26 / All) Clavero: now im just gona kill u
(66:34 / All) Clavero: the right way
(68:37 / All) ROTS19: leave plz
(71:18 / All) ROTS19: red
(71:22 / All) ROTS19: why do you insist on staying?
(71:23 / All) ROTS19: you lost.
(71:38 / Allies) ROTS19: can you pass me a bunch of wood green?
(72:12 / Allies) ROTS19: ty
(72:20 / All) ROTS19: finally
(72:25 / All) ROTS19: purp still here though
(72:27 / All) ROTS19: not sure why
(73:13 / All) ROTS19: nice
(73:26 / All) ROTS19: a vailant effort
(74:03 / All) Turkish_Knight: gg?
(74:08 / All) ROTS19: yeah
(74:34 / All) ROTS19: this was a good one.
(74:40 / All) Turkish_Knight: yeah
(76:08 / All) ROTS19: gonna leave?
(76:12 / All) Turkish_Knight: nope
(76:16 / All) ROTS19: oh well
(79:31 / All) ROTS19: dayum
(79:37 / All) Turkish_Knight: can i win?
(79:42 / All) ROTS19: I don't think so.
(80:01 / All) ROTS19: but your effort is greatly respectable.
(80:32 / All) ROTS19: And i still have a mine left
(80:38 / All) ROTS19: sure, it's only 500 gold
(80:39 / All) ROTS19: but w/e
(80:53 / All) Turkish_Knight: gg
(80:55 / All) ROTS19: gg